 Dungeon Crawl Stone Soup version 0.26-a0-21-gf97e55dc39 (webtiles) character file.

Game seed: 6662139260719757791, levelgen mode: deterministic

151 Esekla the Ducker (level 5, -4/35 HPs)
             Began as an Octopode Warper on May 26, 2020.
             Was a Follower of Elyvilon.
             Slain by Blork the orc
             ... wielding a +0 halberd
              (14 damage)
             ... on level 5 of the Dungeon.
             The game lasted 00:08:16 (1835 turns).

Esekla the Ducker (Octopode Warper)                 Turns: 1835, Time: 00:08:16

Health: -4/35      AC:  1    Str: 10    XL:     5   Next: 33%
Magic:  4/8        EV: 18    Int: 16    God:    Elyvilon [*.....]
Gold:   115        SH:  0    Dex: 12    Spells: 4/8 levels left

rFire    . . .     SeeInvis .   a - +0 falchion
rCold    . . .     Gourm    .   (no shield)
rNeg     . . .     Faith    .   (helmet restricted)
rPois    .         Spirit   .   (no amulet)
rElec    .         Reflect  .   l - ring of resist corrosion
rCorr    +         Harm     .   m - +4 ring of evasion
MR       .....                  (no ring)
Stlth    +++.......             (no ring)
HPRegen  0.11/turn              (no ring)
MPRegen  0.11/turn              (no ring)
                                (no ring)
                                (no ring)

@: shrouded, very slightly contaminated
A: almost no armour, stealthy swim, amphibious, 8 rings, constrict 8, camouflage
1, gelatinous body 1
a: Lesser Healing, Divine Protection, Renounce Religion


You were on level 5 of the Dungeon.
You worshipped Elyvilon.
Elyvilon was aware of your devotion.
You were hungry.

You visited 1 branch of the dungeon, and saw 4 of its levels.

You collected 115 gold pieces.

Inventory:

Hand Weapons
 a - a +0 falchion (weapon)
Missiles
 d - 5 boomerangs of dispersal (quivered)
Jewellery
 l - a ring of resist corrosion (left tentacle)
 m - a +4 ring of evasion (right tentacle)
Scrolls
 b - a scroll of enchant armour {unknown}
 c - a scroll of blinking
 h - 2 scrolls of identify {unknown}
 k - 5 scrolls of fear {unknown}
 n - 2 scrolls of amnesia {unknown}
 r - a scroll of teleportation {unknown}
Potions
 e - 2 potions of cancellation {unknown}
 g - 3 potions of mutation {unknown}
 i - a potion of degeneration {unknown}
 j - a potion of curing {unknown}
 o - a potion of ambrosia {unknown}
 p - a potion of stabbing {unknown}
 q - a potion of heal wounds {unknown}
Comestibles
 f - 5 rations
 s - 11 chunks of flesh


   Skills:
 + Level 2.5 Fighting
 * Level 3.0 Long Blades
 - Level 1.0 Throwing
 * Level 3.8 Dodging
 + Level 2.4 Stealth
 + Level 2.1 Spellcasting
 * Level 0.7 Charms
 * Level 3.2 Translocations


You had 4 spell levels left.
You knew the following spells:

 Your Spells              Type           Power        Failure   Level  Hunger
a - Shroud of Golubria    Chrm/Tloc      #.....       14%         2    ###....
b - Blink                 Tloc           N/A          9%          2    ###....

Your spell library contained the following spells:

 Spells                   Type           Power        Failure   Level  Hunger
 Gell's Gravitas          Tloc           ##........   16%         3    ###....
 Lesser Beckoning         Tloc           ##........   16%         3    ###....
 Teleport Other           Tloc           ##......     16%         3    ###....
 Passage of Golubria      Tloc           N/A          47%         4    #####..


Dungeon Overview and Level Annotations

Branches:
Dungeon (3/15)

Altars:
Elyvilon
Fedhas
Okawaru
Ru

Annotations:
D:3 Sigmund
D:5 Blork the orc


Innate Abilities, Weirdness & Mutations

You cannot wear most types of armour.
You are very stealthy in the water. (Stealth+)
You are amphibious.
You can wear up to eight rings at the same time.
You can use your tentacles to constrict eight enemies at once.
Your skin changes colour to match your surroundings (Stealth+).
Your rubbery body absorbs attacks. (AC +1, EV +1)


Message History

Blork the orc hits you with a +0 halberd.
You hit Blork the orc. Your grab misses Blork the orc.
Blork the orc is moderately wounded.
Blork the orc hits you with a +0 halberd!
* * * LOW HITPOINT WARNING * * *
Casting: Shroud of Golubria (safe; 14% risk of failure)
Confirm with . or Enter, or press ? or * to list all spells.
You miscast Shroud of Golubria.
You are very lightly contaminated with residual magic.
Nothing appears to happen.
Blork the orc casts a cantrip, but nothing happens.
Casting: Shroud of Golubria (safe; 14% risk of failure)
Confirm with . or Enter, or press ? or * to list all spells.
Space distorts slightly along a thin shroud covering your body.
Blork the orc misses you.
You closely miss Blork the orc. Your grab misses Blork the orc.
You squeeze Blork the orc, but do no damage.
Blork the orc is moderately wounded.
Blork the orc hits you with a +0 halberd!
You die...

### #.. #.#
#.# #.#
#######o#
##.....#@#
##........#
##...#...#.##
##...###.....#
#........$...#
#..#.).).#...#
#.##.._..##..#
#..#.).).#...#
#......†....##


You could see Blork the orc.

Vanquished Creatures
  Terence (D:3)
  A hound skeleton (D:2)
  4 adders (D:2)
  An ooze (D:2)
  A worm (D:2)
  4 dart slugs
  2 leopard geckos
  6 orcs (D:3)
  5 bats
  2 giant cockroaches
  6 goblins
  2 hobgoblins (D:1)
  6 jackals (D:1)
  5 kobolds
  4 frilled lizards
  6 rats
56 creatures vanquished.

Vanquished Creatures (others)
  2 plants (D:3)
2 creatures vanquished.

Grand Total: 58 creatures vanquished

Notes
Turn   | Place    | Note
-------+----------+-------------------------------------------
     0 | D:1      | Esekla the Octopode Warper began the quest for the Orb.
     0 | D:1      | Reached XP level 1. HP: 14/14 MP: 3/3
    84 | D:1      | Reached XP level 2. HP: 16/19 MP: 5/5
   378 | D:1      | Reached XP level 3. HP: 24/24 MP: 6/6
   747 | D:2      | Reached skill level 1 in Stealth
   788 | D:2      | Learned a level 2 spell: Shroud of Golubria
   791 | D:2      | Learned a level 2 spell: Blink
   891 | D:2      | Reached XP level 4. HP: 21/30 MP: 7/7
  1099 | D:2      | Found a white marble altar of Elyvilon.
  1118 | D:2      | Became a worshipper of Elyvilon the Healer
  1185 | D:2      | Found a blossoming altar of Fedhas.
  1586 | D:3      | Noticed Terence
  1590 | D:3      | Found a sacrificial altar of Ru.
  1609 | D:3      | Killed Terence
  1609 | D:3      | Reached XP level 5. HP: 35/35 MP: 5/8
  1773 | D:3      | Noticed Sigmund
  1796 | D:3      | Reached * piety under Elyvilon
  1806 | D:3      | You fall into a shaft and drop 2 floors!
  1806 | D:5      | Entered Level 5 of the Dungeon
  1807 | D:5      | Noticed Blork the orc
  1808 | D:5      | Found an iron altar of Okawaru.
  1808 | D:5      | Noticed a centaur
  1835 | D:5      | Slain by Blork the orc

Illustrated notes

Levels and vault maps discovered:
D:1:      wander_arrival_peaceful_grave, layout_loops_ring
D:2:      layout_basic, nicolae_overflow_crystal_walls, lemuel_doored_altar,
          first_ration
D:3:      layout_basic, lemuel_round_altar, gammafunk_temple_overflow_claw,
          chequers_ecumenical_altar_lobes, nicolae_ru_path_of_blood,
          uniq_sigmund, uniq_natasha, uniq_terence
D:5:      layout_loops_ring, okawaru_ov_weapons_minmay, led_sif_book,
          minmay_temple_entry_glass, uniq_blork_the_orc, uniq_duvessa

Skill      XL: |  1  2  3  4  5 |
---------------+----------------+-----
Dodging        | 3 |  3.8
Stealth        | 1 2 |  2.4
Long Blades    | 3 |  3.0
Fighting       | |  2.5
Throwing       | |  1.0
Spellcasting   | |  2.1
Charms         | |  0.7
Translocations | |  3.2

Action                   |  1- 3 |  4- 6 || total
-------------------------+-------+-------++-------
Melee: Falchion          |    58 |    63 ||   121
       Constrict         |    20 |    13 ||    33
       Tentacles         |     9 |    15 ||    24
 Cast: Shroud of Golubri |       |     8 ||     8
       Blink             |       |     1 ||     1
 Stab: Sleeping          |     7 |     4 ||    11
  Eat: Chunk             |       |     3 ||     3
Armor: Skin              |     6 |     2 ||     8
Dodge: Dodged            |    36 |    46 ||    82
       Rpst.: Falchion   |    12 |    23 ||    35

Table legend:
 A = Non-vault XP
 B = Vault XP
 C = Vault XP percentage of total XP
 D = Non-vault monster count
 E = Vault monster count
 F = Vault count percentage of total count
                 A         B        C        D         E       F
            +---------+---------+-------+---------+---------+-------
      Total |     180 |      36 |  16.7 |      55 |       1 |   1.8
            +---------+---------+-------+---------+---------+-------
        D:1 |      49 |       0 |   0.0 |      24 |       0 |   0.0
        D:2 |     108 |       0 |   0.0 |      22 |       0 |   0.0
        D:3 |      20 |      36 |  64.3 |       7 |       1 |  12.5
        D:5 |       3 |       0 |   0.0 |       2 |       0 |   0.0
            +---------+---------+-------+---------+---------+-------
